 Dungeon Crawl Stone Soup version 0.26-a0-651-gb41185065b (webtiles) character file.

Game seed: 621437588574606576

16901 quinnr the Basher (level 12, -2/91 HPs)
             Began as a Demonspawn Gladiator on Sept 29, 2020.
             Was a High Priest of Okawaru.
             Slain by a yaktaur captain (3 damage)
             ... on level 15 of the Dungeon.
             The game lasted 00:41:05 (14834 turns).

quinnr the Basher (Demonspawn Gladiator)           Turns: 14834, Time: 00:41:05

Health: -2/91      AC: 20    Str: 24    XL:     12   Next: 14%
Magic:  15/15      EV:  8    Int: 11    God:    Okawaru [*****.]
Gold:   510        SH:  0    Dex: 15    Spells: 11/11 levels left

rFire    + + .     SeeInvis .   l - +1 great mace (drain)
rCold    + . .     Faith    .   (shield currently unavailable)
rNeg     . . .     Spirit   .   N - +0 plate armour {rPois}
rPois    +         Reflect  .   c - +2 helmet
rElec    .         Harm     .   h - scarf {rC+ rF+}
rCorr    .         Rampage  .   j - +1 pair of gloves
MR       .....                  (boots unavailable)
Stlth    ..........             v - amulet of the acrobat
HPRegen  0.25/turn              B - +6 ring of strength
MPRegen  0.14/turn              q - ring of protection from fire

@: slowed, very slow
A: talons 3, thin metallic scales 1, foul stench 1, rot immunity
a: Heroism, Finesse, Renounce Religion


You were on level 15 of the Dungeon.
You worshipped Okawaru.
Okawaru was extremely pleased with you.
You visited 2 branches of the dungeon, and saw 14 of its levels.
You also visited: Ice Cave.

You collected 834 gold pieces.
You spent 324 gold pieces at shops.

Inventory:

Hand Weapons
 l - a +1 great mace of draining (weapon)
 y - a +3 flail of protection
 R - a +2 whip of electrocution
 T - a +0 dire flail
Missiles
 d - 3 throwing nets
 f - 62 poisoned darts
 S - a silver boomerang (quivered)
 W - 10 boomerangs
Armour
 b - a +0 leather armour
 c - a +2 helmet (worn)
 e - a scarf of harm
 h - a scarf of resistance (worn)
 j - a +1 pair of gloves (worn)
 n - a +2 tower shield
 C - a +0 cloak
 N - a +0 plate armour of poison resistance (worn)
 V - a scarf of repulsion
Jewellery
 a - a +6 ring of intelligence
 q - a ring of protection from fire (right hand)
 u - an uncursed ring of magical power
 v - an amulet of the acrobat (around neck)
 A - an uncursed ring of teleportation
 B - a +6 ring of strength (left hand)
 H - an uncursed ring of magical power
Wands
 L - a wand of disintegration (6)
 P - a wand of iceblast (2)
Scrolls
 g - a scroll of fear {unknown}
 p - a scroll of fog
 r - 3 scrolls of teleportation {unknown}
 s - 3 scrolls of enchant weapon
 x - a scroll of random uselessness
 G - 2 scrolls of magic mapping {unknown}
 K - 2 scrolls of remove curse
 M - a scroll of blinking {unknown}
 U - 2 scrolls of vulnerability {unknown}
 X - 4 scrolls of amnesia
Potions
 i - a potion of invisibility
 k - 7 potions of resistance
 m - a potion of stabbing
 o - 2 potions of heal wounds
 t - 5 potions of curing
 w - a potion of berserk rage {unknown}
 z - 3 potions of degeneration
 D - a potion of mutation {unknown}
 E - 3 potions of flight
 F - 2 potions of brilliance
 I - 2 potions of cancellation {unknown}
 J - a potion of haste
 O - a potion of might {unknown}
 Z - 3 potions of lignification
Miscellaneous
 Y - a lightning rod (1/4)


   Skills:
 - Level 7.0 Fighting
 + Level 13.9 Maces & Flails
 - Level 4.0 Throwing
 - Level 7.0 Armour
 - Level 2.6 Dodging
 - Level 5.0 Invocations
 - Level 5.3 Evocations


You had 11 spell levels left.
You didn't know any spells.
Your spell library contained the following spells:

 Spells                   Type           Power        Failure   Level
 Corona                   Hex            #......      99%         1
 Sandblast                Erth           #.....       99%         1
 Summon Small Mammal      Summ           #...         99%         1
 Call Imp                 Summ           #.......     100%        2
 Passwall                 Tmut/Erth      #.......     100%        2
 Slow                     Hex            #.......     100%        2
 Call Canine Familiar     Summ           #.......     100%        3
 Inner Flame              Hex/Fire       #.......     100%        3
 Portal Projectile        Hex/Tloc       #.....       100%        3
 Stone Arrow              Conj/Erth      #.....       100%        3
 Summon Guardian Golem    Hex/Summ       #.......     100%        3
 Cause Fear               Hex            #.........   100%        4
 Leda's Liquefaction      Hex/Erth       #.........   100%        4
 Petrify                  Tmut/Erth      #.......     100%        4
 Summon Ice Beast         Ice/Summ       #.......     100%        4
 Summon Lightning Spire   Summ/Air       #.......     100%        4
 Lee's Rapid Deconstruct  Erth           #.........   100%        5


Dungeon Overview and Level Annotations

Branches:
Dungeon (12/15)            Temple (1/1) D:4            Lair (0/6) D:8
  IceCv (visited)
    Orc: D:9-12

Altars:
Ashenzari
Cheibriados
Dithmenos
Elyvilon
Fedhas
Gozag
Hepliaklqana
Kikubaaqudgha
Makhleb
Nemelex Xobeh
Okawaru
Qazlal
Ru
Sif Muna
Trog
Uskayaw
Vehumet
Wu Jian
Xom
Yredelemnul
Zin
The Shining One

Shops:
D:7 [   D:10 =

Annotations:
D:7 1 runed translucent door, dudeneo's ghost, novice MiFi


Innate Abilities, Weirdness & Mutations

You have claws for feet.
You are partially covered in thin metallic scales. (AC +2)
You may emit foul miasma when damaged in melee.
You are immune to rotting.


Message History

* * * LOW HITPOINT WARNING * * *
You sock the yaktaur captain! Your kick misses the yaktaur captain.
The yaktaur captain is lightly wounded.
The deep troll bites you.
* * * LOW HITPOINT WARNING * * *
You emit a cloud of foul miasma!
The deep troll claws you!
* * * LOW HITPOINT WARNING * * *
The deep troll claws you but does no damage.
The yaktaur captain hits you but does no damage.
You crush the yaktaur captain like a grape!!!
You drain the yaktaur captain! Your kick misses the yaktaur captain.
The yaktaur captain is almost dead.
You hear a shout!
The deep troll is engulfed in dark miasma.
The deep troll is poisoned.
The deep troll seems to slow down.
The deep troll barely misses you. The deep troll claws you!
* * * LOW HITPOINT WARNING * * *
The deep troll claws you but does no damage.
The yaktaur captain hits you.
You die...

##+# .#
#... .#
#...###.#
#...#...
#....(.#
.<...#
#.[c#.
#####@#.#
#.....T#
#...##.#
#...#..#
#....(.#
#....#.....
##...###.#.
#...# #
#...#


You could see a yaktaur captain (drained) and a deep troll (poisoned, slow,
sick).

Vanquished Creatures
  A reaper (IceCv)
  Harold (D:8)
  2 ogre magi
  2 two-headed ogres
  4 skeletal warriors (D:11)
  An ugly thing (D:11)
  2 ice statues (IceCv)
  A yaktaur (D:15)
  9 ice devils (IceCv)
  Grinder (D:4)
  2 hippogriffs
  2 wyverns
  2 porcupines (D:8)
  6 orc warriors
  2 black bears
  An eye of draining (D:10)
  4 ice beasts
  2 sky beasts (D:9)
  4 phantoms
  A necrophage (D:10)
  6 ogres
  3 centaurs
  6 bullfrogs
  Blork the orc (D:4)
  2 wyvern skeletons
  A scorpion (D:5)
  A water moccasin skeleton (D:8)
  4 killer bees
  10 wights (D:8)
  3 howler monkeys
  2 bullfrog skeletons
  3 centaur zombies
  5 hounds
  8 orc priests
  13 orc wizards
  Jessica (D:6)
  2 centaur skeletons
  5 iguanas
  14 worker ants
  A worker ant zombie (D:5)
  A howler monkey skeleton (D:11)
  10 gnolls
  12 adders
  A shadow imp (D:9)
  11 white imps
  9 ufetubi
  2 oozes (D:3)
  An adder zombie (D:5)
  2 worms
  3 dart slugs
  4 leopard geckos
  29 orcs
  6 bats
  7 giant cockroaches
  9 goblins
  A hobgoblin (D:1)
  19 jackals
  11 kobolds
  7 quokkas
  2 ball pythons
  4 frilled lizards
  A giant cockroach zombie (D:4)
  A jackal zombie (D:5)
  A leopard gecko skeleton (D:4)
  A quokka zombie (D:6)
  7 rats
303 creatures vanquished.

Vanquished Creatures (others)
  A necrophage (D:6)
  A bullfrog (D:6)
  2 hounds (D:6)
  2 white imps (IceCv)
  2 ufetubi (IceCv)
  9 fungi (D:8)
  8 plants (D:8)
25 creatures vanquished.

Grand Total: 328 creatures vanquished

Notes
Turn   | Place    | Note
-------+----------+-------------------------------------------
     0 | D:1      | quinnr the Demonspawn Gladiator began the quest for the
                  | Orb.
     0 | D:1      | Reached XP level 1. HP: 16/16 MP: 1/1
   162 | D:1      | Reached skill level 3 in Maces & Flails
   310 | D:1      | Gained mutation: You are immune to rotting. [demonic
                  | ancestry]
   310 | D:1      | Reached XP level 2. HP: 22/22 MP: 2/2
   808 | D:1      | Gained mutation: You may emit foul miasma when damaged in
                  | melee. [demonic ancestry]
   808 | D:1      | Reached XP level 3. HP: 27/27 MP: 3/3
  1127 | D:2      | Reached skill level 1 in Armour
  1683 | D:2      | Reached skill level 4 in Maces & Flails
  1795 | D:2      | Gained mutation: You have sharp toenails. [demonic
                  | ancestry]
  1795 | D:2      | Reached XP level 4. HP: 19/33 MP: 4/4
  2273 | D:3      | Noticed an ogre
  2286 | D:3      | Killed an ogre
  2286 | D:3      | Reached skill level 5 in Maces & Flails
  2286 | D:3      | Reached XP level 5. HP: 21/38 MP: 5/5
  2956 | D:3      | Found an ornate altar of the Wu Jian Council.
  3464 | D:3      | Gained mutation: You have razor-sharp toenails. [demonic
                  | ancestry]
  3464 | D:3      | Reached XP level 6. HP: 35/44 MP: 6/6
  3552 | D:4      | Noticed Blork the orc
  3570 | D:4      | Killed Blork the orc
  3570 | D:4      | Reached skill level 6 in Maces & Flails
  3589 | D:4      | Found a staircase to the Ecumenical Temple.
  3600 | Temple   | Entered the Ecumenical Temple
  4182 | D:4      | Gained mutation: You are partially covered in thin metallic
                  | scales. (AC +2) [demonic ancestry]
  4182 | D:4      | Reached XP level 7. HP: 50/50 MP: 7/7
  4437 | D:4      | Noticed Grinder
  4453 | D:4      | Killed Grinder
  4453 | D:4      | Reached skill level 7 in Maces & Flails
  4698 | D:5      | Entered Level 5 of the Dungeon
  4724 | D:5      | Reached skill level 8 in Maces & Flails
  5187 | D:5      | Found a glowing silver altar of Zin.
  5240 | D:5      | Found an iron altar of Okawaru.
  5256 | D:5      | Became a worshipper of Warmaster Okawaru
  5498 | D:5      | Reached XP level 8. HP: 52/56 MP: 8/8
  5627 | D:5      | Reached skill level 9 in Maces & Flails
  5898 | D:6      | Found a shimmering altar of Xom.
  6034 | D:6      | Reached * piety under Okawaru
  6179 | D:6      | Reached skill level 10 in Maces & Flails
  6637 | D:6      | Found a hazy altar of Hepliaklqana.
  6929 | D:6      | Found a sparkling altar of Nemelex Xobeh.
  6929 | D:6      | Noticed Jessica
  6933 | D:6      | Killed Jessica
  7215 | D:7      | Reached XP level 9. HP: 60/62 MP: 11/11
  7387 | D:7      | Found Jimeps's Armour Boutique.
  7395 | D:7      | quinnr: ??moon troll leather armour
  7395 | D:7      | Bought a +0 plate armour of poison resistance for 324 gold
                  | pieces
  7405 | D:7      | Found a radiant altar of Vehumet.
  7415 | D:7      | Reached ** piety under Okawaru
  7515 | D:7      | Found an ornate altar of the Wu Jian Council.
  7700 | D:7      | Reached skill level 5 in Invocations
  7917 | D:7      | Found a runed translucent door.
  7917 | D:7      | Noticed dudeneo's ghost (novice MiFi)
  7917 | D:7      | Noticed a cyclops
  8009 | D:8      | Found a hide-covered altar of Uskayaw.
  8336 | D:8      | Reached skill level 5 in Fighting
  8421 | D:8      | Found a staircase to the Lair.
  8428 | D:8      | Reached skill level 5 in Armour
  8432 | D:8      | Reached skill level 1 in Evocations
  8438 | D:8      | Reached *** piety under Okawaru
  8614 | D:8      | Noticed Harold
  8627 | D:8      | Killed Harold
  8627 | D:8      | Received a gift from Okawaru
  8627 | D:8      | Reached XP level 10. HP: 56/74 MP: 13/13
  8687 | D:8      | Noticed a two-headed ogre
  8691 | D:8      | Killed a two-headed ogre
  8691 | D:8      | Reached **** piety under Okawaru
  8691 | D:8      | Reached skill level 5 in Evocations
  8907 | D:8      | Found a broken altar of Ashenzari.
  9722 | D:9      | Noticed a two-headed ogre
  9729 | D:9      | Killed a two-headed ogre
  9729 | D:9      | Reached skill level 11 in Maces & Flails
 10148 | D:9      | Found a sacrificial altar of Ru.
 10335 | D:9      | Received a gift from Okawaru
 10831 | D:9      | Received a gift from Okawaru
 10831 | D:9      | Reached skill level 12 in Maces & Flails
 10940 | D:10     | Entered Level 10 of the Dungeon
 11130 | D:10     | Gained mutation: You have claws for feet. [demonic
                  | ancestry]
 11130 | D:10     | Reached XP level 11. HP: 75/80 MP: 14/14
 11389 | D:10     | Noticed an ogre mage
 11406 | D:10     | Reached ***** piety under Okawaru
 11410 | D:10     | Killed an ogre mage
 11854 | D:10     | Found Akebau Doba's Jewellery Boutique.
 12070 | D:11     | Found a frozen archway.
 12078 | IceCv    | Entered an ice cave
 13517 | IceCv    | Noticed a reaper
 13530 | IceCv    | Killed a reaper
 13530 | IceCv    | Received a gift from Okawaru
 13878 | D:11     | Noticed a skeletal warrior
 13879 | D:11     | Noticed a skeletal warrior
 13901 | D:11     | Killed a skeletal warrior
 13901 | D:11     | Reached skill level 13 in Maces & Flails
 13902 | D:11     | Noticed a white ugly thing
 13905 | D:11     | Killed a skeletal warrior
 13916 | D:11     | Killed a white ugly thing
 14398 | D:11     | Noticed a skeletal warrior
 14420 | D:11     | Killed a skeletal warrior
 14420 | D:11     | Reached XP level 12. HP: 90/91 MP: 13/15
 14803 | D:12     | You fall into a shaft and drop 3 floors!
 14803 | D:15     | Entered Level 15 of the Dungeon
 14823 | D:15     | Noticed an ogre mage
 14828 | D:15     | Killed an ogre mage
 14832 | D:15     | Noticed a yaktaur captain
 14834 | D:15     | HP: 1/91 [deep troll (12)]
 14834 | D:15     | Slain by a yaktaur captain

Illustrated notes

Levels and vault maps discovered:
D:1:      dpeg_arrival_ternary, layout_loops_ring
D:2:      layout_loops_ring
D:3:      layout_loops_ring, old_standard_altar
D:4:      layout_loops_ring, minmay_temple_entry_grid, uniq_grinder,
          uniq_blork_the_orc
D:5:      layout_gridville, nicolae_overflow_crystal_walls, zin_academy,
          grunt_ministairs_14, corexii_leaking_fountain
D:6:      layout_loops_ring, xom_confusion_cloud, lemuel_coloured_pillars_altar,
          nemelex_lonely_heart_becter
D:7:      layout_basic, overflow_temple_1_default, ebering_ghost_inner_flame,
          serial_shops, nicolae_shop_waterfront, basic_altar
D:8:      minmay_evil_eye, layout_gridville, kennysheep_mini_moat,
          ashenzari_conservatory_becter, grunt_lair_entry_orc_guard_hut,
          uniq_harold
D:9:      layout_basic, serial_corexii_hall, corexii_hall_statues_x,
          corexii_hall_statues_l, nicolae_ru_great_annihilating_truth
D:10:     kennysheep_blocky_room, layout_basic, serial_shops, shop
D:11:     layout_rooms, portal_ice_cave_entry_pillars_2
D:12:     layout_roguey, orc_0_dummy
D:15:     hangedman_depths_entry_civil_slaughter, layout_basic,
          chequers_serial_rivers_small_3, hangedman_abyss_or_decor_lesser_grid
Temple:   dpeg_chambers_temple

Skill      XL: |  1  2  3  4  5  6  7  8  9 10 11 |
---------------+----------------------------------+-----
Maces & Flails | 3 4 5 6 8 10 12 13 | 13.9
Armour         | 1 2 5 7 |  7.0
Invocations    | 3 5 |  5.0
Fighting       | 5 7 |  7.0
Evocations     | 4 5 |  5.3
Throwing       | 3 4 |  4.0
Dodging        | |  2.6

Action                   |  1- 3 |  4- 6 |  7- 9 | 10-12 || total
-------------------------+-------+-------+-------+-------++-------
Melee: Flail             |   126 |   176 |   419 |   413 ||  1134
       Punch             |       |       |     3 |     3 ||     6
       Whip              |       |       |       |    84 ||    84
       Kick              |       |       |       |   133 ||   133
       Great mace        |       |       |       |    66 ||    66
Throw: Dart              |       |    11 |    12 |       ||    23
       Throwing net      |       |     3 |     1 |     1 ||     5
       Boomerang         |       |       |       |     2 ||     2
Invok: Heroism           |       |       |     3 |     9 ||    12
       Finesse           |       |       |       |     3 ||     3
Evoke: Wand              |       |       |       |     7 ||     7
       Lightning rod     |       |       |       |     4 ||     4
  Use: Scroll            |       |    12 |     2 |     6 ||    20
       Potion            |       |       |     1 |     1 ||     2
 Stab: Confused          |       |       |     1 |       ||     1
       Paralysed         |       |       |       |     2 ||     2
Armor: Leather armour    |    14 |       |       |       ||    14
       Ring mail         |    59 |    68 |     1 |       ||   128
       Plate armour      |       |       |   256 |   331 ||   587
Dodge: Dodged            |    93 |   141 |   145 |   221 ||   600

Table legend: (Time is in decaauts)
 A = Elapsed time spent in this place.
 B = Non-inter-level travel time spent in this place.
 C = Inter-level travel time spent in this place.
 D = Time resting spent in this place.
 E = Time spent auto-exploring this place.
 F = Levels seen in this place.
 G = Mean time per level.
                   A        B        C        D        E       F      G
               +--------+--------+--------+--------+--------+-----+--------+
         Total |  14716 |  14280 |    436 |   3552 |   7635 |  15 |  981.1 |
       Dungeon |  12869 |  12456 |    413 |   2426 |   7385 |  13 |  989.9 |
        Temple |    211 |    188 |     23 |      0 |    188 |   1 |  211.0 |
      Ice Cave |   1635 |   1635 |      0 |   1126 |     62 |   1 | 1635.0 |
               +--------+--------+--------+--------+--------+-----+--------+

Top non-repeatable levels by time:
   IceCv: 1635 daAuts
     D:9: 1511 daAuts
     D:8: 1439 daAuts
    D:10: 1337 daAuts
     D:2: 1306 daAuts
     D:5: 1304 daAuts
     D:6: 1141 daAuts
     D:3: 1135 daAuts
     D:1: 1124 daAuts
     D:4: 971 daAuts
     D:7: 782 daAuts
    D:11: 773 daAuts
  Temple: 211 daAuts
    D:15: 35 daAuts
    D:12: 5 daAuts
